 Dungeon Crawl Stone Soup version 0.20.1-1-g8b1a95d (webtiles) character file.

342 Humpert the Insei (level 6, -6/47 HPs)
             Began as a Draconian Transmuter on Oct 13, 2017.
             Mangled by an ice beast (13 damage)
             ... on level 4 of the Dungeon.
             The game lasted 00:10:13 (3766 turns).

Humpert the Insei (Draconian Transmuter)            Turns: 3766, Time: 00:10:14

Health: -6/47      AC:  2    Str: 12    XL:     6   Next: 30%
Magic:  6/10       EV: 21    Int: 13    God:
Gold:   102        SH:  0    Dex: 19    Spells: 4/10 levels left

rFire    . . .     SeeInvis .     - Unarmed
rCold    . . .     Gourm    .   (shield currently unavailable)
rNeg     . . .     Faith    .   (armour unavailable)
rPois    x         Spirit   .   (helmet currently unavailable)
rElec    .         Reflect  .   (cloak currently unavailable)
rCorr    .         Harm     .   (gloves currently unavailable)
MR       .....                  (boots currently unavailable)
Stlth    ++........             (no amulet)
Regen    0.2/turn               (no ring)
MPRegen  0.2/turn               (no ring)

@: spider-form (expiring)
A: unfitting armour, AC +6
a: End Transformation


You were on level 4 of the Dungeon.
You were hungry.
You were a venomous arachnid creature.
You visited 1 branch of the dungeon, and saw 4 of its levels.

You collected 102 gold pieces.

Inventory:

Missiles
 a - 36 arrows
Armour
 m - a +2 pair of gloves (melded)
 r - a +0 cloak (melded)
Wands
 p - a wand of flame (10/48)
Scrolls
 d - 2 scrolls of blinking {unknown}
 e - a scroll of enchant armour {unknown}
 g - a scroll of remove curse {unknown}
 h - 9 scrolls of identify {unknown}
 n - a scroll of teleportation {unknown}
 s - 2 scrolls of immolation {unknown}
 v - a scroll of noise {unknown}
Potions
 j - 2 potions of flight {unknown}
 k - a potion of mutation {unknown}
 l - 3 potions of curing {unknown}
 o - 2 potions of heal wounds
 q - a potion of brilliance {unknown}
 t - a potion of ambrosia {unknown}
 u - 2 potions of berserk rage {unknown}
Books
 b - a book of Changes

   Spells                             Type                      Level
   a - Beastly Appendage              Transmutation                1
   b - Sticks to Snakes               Transmutation                2
   c - Spider Form                    Transmutation/Poison         3
   d - Ice Form                       Ice/Transmutation            4
   e - Blade Hands                    Transmutation                5
 w - a book of Minor Magic

   Spells                             Type                      Level
   a - Magic Dart                     Conjuration                  1
   b - Blink                          Translocation                2
   c - Call Imp                       Summoning                    2
   d - Slow                           Hexes                        2
   e - Conjure Flame                  Conjuration/Fire             3
   f - Mephitic Cloud                 Conjuration/Poison/Air       3
Comestibles
 c - 3 bread rations
 f - 3 meat rations
 i - a royal jelly


   Skills:
 + Level 1.2 Fighting
 + Level 2.8 Dodging
 + Level 1.1 Stealth
 + Level 5.5 Unarmed Combat
 + Level 2.9 Spellcasting
 + Level 3.0 Transmutations
 + Level 0.2 Poison Magic


You had 4 spell levels left.
You knew the following spells:

 Your Spells              Type           Power        Failure   Level  Hunger
a - Beastly Appendage     Tmut           #.....       19%         1    #......
b - Sticks to Snakes      Tmut           #.......     24%         2    ###....
c - Spider Form           Tmut/Pois      #.........   56%         3    ###....


Dungeon Overview and Level Annotations

Branches:
Dungeon (4/15)
 Temple: D:4-7

Altars:
Gozag
Zin


Innate Abilities, Weirdness & Mutations

((Your plain brown scales are hard. (AC +6)))
You cannot fit into any form of body armour.
((You are cold-blooded and may be slowed by cold attacks.))


Message History

Confirm with . or Enter, or press ? or * to list all spells.
Your horns disappear.
You turn into a venomous arachnid creature.
Your +0 cloak melds into your body.
Your +2 pair of gloves melds into your body.
You feel yourself speed up. The ice beast closely misses you.
You hit the ice beast.
The ice beast is moderately wounded.
Your transformation is almost over.
The ice beast hits you.
* * * LOW HITPOINT WARNING * * *
The ice beast freezes you.
* * * LOW HITPOINT WARNING * * *
You bite the ice beast!
The ice beast is severely wounded.
The ice beast hits you.
* * * LOW HITPOINT WARNING * * *
The ice beast freezes you!
You die...

#.##^##.....#
#.##.##.....#
#.##.##.....#
###
#.#........##
#..
#.##########
#.######. #.#
#........ #.#
#....# ..#
#Y# ### #s#
###


You could see an ice beast.

Vanquished Creatures
  Dowan (D:4)
  An orc priest (D:3)
  Crazy Yiuf (D:2)
  3 orc wizards
  A worker ant (D:4)
  3 adders
  2 oozes
  2 worms
  3 dart slugs
  3 leopard geckos
  9 orcs
  10 bats
  4 giant cockroaches
  9 goblins
  13 hobgoblins
  7 kobolds
  A ball python (D:2)
  8 frilled lizards
  9 rats
90 creatures vanquished.

Vanquished Creatures (collateral kills)
  An orc (D:2)
  A goblin (D:2)
2 creatures vanquished.

Grand Total: 92 creatures vanquished

Notes
Turn   | Place    | Note
-------+----------+-------------------------------------------
     0 | D:1      | Humpert the Draconian Transmuter began the quest for the Orb.
     0 | D:1      | Reached XP level 1. HP: 16/16 MP: 3/3
   183 | D:1      | Reached XP level 2. HP: 21/23 MP: 3/5
   476 | D:1      | Reached XP level 3. HP: 28/28 MP: 6/6
   974 | D:1      | Learned a level 2 spell: Sticks to Snakes
  1022 | D:2      | Found a glowing silver altar of Zin.
  1246 | D:2      | Reached skill level 4 in Unarmed Combat
  1355 | D:2      | Reached XP level 4. HP: 32/35 MP: 2/7
  1624 | D:2      | Found a runed door.
  1882 | D:2      | Learned a level 3 spell: Spider Form
  1914 | D:2      | Noticed Crazy Yiuf
  1920 | D:2      | Killed Crazy Yiuf
  2053 | D:2      | Reached XP level 5. HP: 37/40 MP: 8/8
  2621 | D:3      | Found an opulent altar of Gozag.
  3024 | D:3      | Reached skill level 5 in Unarmed Combat
  3237 | D:3      | Reached XP level 6. HP: 15/47 MP: 10/10
  3598 | D:4      | Reached skill level 1 in Stealth
  3625 | D:4      | Noticed Dowan
  3672 | D:4      | Killed Dowan
  3756 | D:4      | Noticed an ice beast
  3766 | D:4      | Mangled by an ice beast

Skill      XL: |  1  2  3  4  5  6 |
---------------+-------------------+-----
Dodging        | 2 |  2.8
Unarmed Combat | 4 5 |  5.5
Stealth        | 1 |  1.1
Transmutations | 3 |  3.0
Fighting       | |  1.2
Spellcasting   | |  2.9
Poison Magic   | |  0.2

Action                   |  1- 3 |  4- 6 || total
-------------------------+-------+-------++-------
Melee: Unarmed           |   148 |   218 ||   366
       Kick              |     8 |    10 ||    18
       Tailslap          |    10 |    20 ||    30
       Headbutt          |     2 |     1 ||     3
       Punch             |     1 |     4 ||     5
 Cast: Beastly Appendage |    14 |    12 ||    26
       Sticks to Snakes  |     5 |     3 ||     8
       Spider Form       |       |     2 ||     2
  Use: Potion            |       |     1 ||     1
 Stab: Sleeping          |     2 |     3 ||     5
       Distracted        |       |     1 ||     1
  Eat: Chunk             |     2 |     6 ||     8
       Royal jelly       |       |     1 ||     1
Armor: Skin              |    53 |    62 ||   115
Dodge: Dodged            |    89 |    89 ||   178
